 Dungeon Crawl Stone Soup version 0.30-a0-920-g7493c07aab (webtiles) character file.

Game seed: 9276384596960386275

132 ZappyNine the Magician (level 5, -2/40 HPs)
             Began as a Djinni Necromancer on Mar 21, 2023.
             Slain by a gnoll
             ... wielding a +0 club
              (6 damage)
             ... on level 3 of the Dungeon.
             The game lasted 00:05:46 (2108 turns).

ZappyNine the Magician (Djinni Necromancer)         Turns: 2108, Time: 00:05:46

Health: -2/40      AC:  4    Str:  7    XL:     5   Next: 38%
Gold:   88         EV: 12    Int: 19    God:
                   SH:  0    Dex: 13

rFire   + + .      SeeInvis .    l - +2 whip (freeze)
rCold   x . .      Faith    .    (no shield)
rNeg    . . .      Spirit   .    a - +0 robe
rPois   ∞          Reflect  .    (no helmet)
rElec   .          Rampage  .    (no cloak)
rCorr   .                        i - +1 pair of gloves
Will    .....                    (boots unavailable)
Stlth   ++                       (no amulet)
HPRegen 0.26/turn                (no ring)
MPRegen 0.00/turn                (no ring)

@: weak-willed, animating dead, flying, hasted, very quick
A: sickness immunity, fire resistance 2, cold vulnerability 1, float, innate
caster, HP casting, extra vitality 1
a: no special abilities


You were on level 3 of the Dungeon.
You visited 1 branch of the dungeon, and saw 3 of its levels.

You collected 88 gold pieces.

Inventory:

Hand Weapons
 l - a +2 whip of freezing (weapon)
Armour
 a - a +0 robe (worn)
 i - a +1 pair of gloves (worn)
Jewellery
 p - a +5 ring of evasion
Scrolls
 b - 2 scrolls of identify
 d - a scroll of torment
 k - a scroll of fog
 q - a scroll of enchant armour {unknown}
Potions
 c - a potion of cancellation {unknown}
 e - a potion of resistance {unknown}
 h - a potion of heal wounds
 j - a potion of haste
 m - a potion of curing {unknown}
 o - a potion of lignification {unknown}


   Skills:
 + Level 3.1 Fighting
 - Level 2.1 Dodging
 - Level 1.5 Stealth
 + Level 4.2 Spellcasting


You knew the following spells:

 Your Spells              Type           Power      Damage    Failure   Level
a - Necrotise             Necr           80%        1d8       2%          1
b - Vampiric Draining     Necr           20%        2d7       7%          3
c - Animate Dead          Necr           20%        N/A       24%         4
d - Agony                 Necr           20%        N/A       54%         5
e - Kiss of Death         Conj/Necr      80%        2d11      2%          1
f - Searing Ray           Conj           40%        2d5       3%          2
Your spell library was empty.

Dungeon Overview and Level Annotations

Branches:
Dungeon (3/15)

Altars:

Annotations:
D:2 1 runed translucent door, Crazy Yiuf


Innate Abilities, Weirdness & Mutations

You are immune to sickness and miasma.
You are immune to poison.
Your flesh is very heat resistant. (rF++)
You are vulnerable to cold. (rC-)
You float through the air rather than walking.
You learn spells naturally, not from books.
Your magical power is your life essence.
You have superior vitality. (+4 MHP)


Message History

* * * LOW HITPOINT WARNING * * *
Found 11 gold pieces.
There is a shaft here.
Found a stone staircase leading down.
The gnoll shouts!
The gnoll falls through a shaft!
The shaft crumbles and collapses.
The goblin hits you with a +0 dagger.
* * * LOW HITPOINT WARNING * * *
The goblin attacks as you move away! The goblin hits you with a +0 dagger.
* * * LOW HITPOINT WARNING * * *
The goblin attacks as you move away! The goblin hits you but does no damage.
The goblin attacks as you move away! The goblin hits you but does no damage.
Casting: Vampiric Draining (dangerous; 7% risk of failure)
Confirm with . or Enter, or press ? or * to list all spells.
Aiming: Vampiric Draining (dangerous; 7% risk of failure)
Press: ? - help, Shift-Dir - straight line, f - goblin
Aim: a goblin, wielding a +0 dagger You draw life force from the goblin!
You kill the goblin!
You feel life coursing into your body.
* * * LOW HITPOINT WARNING * * *
Casting: Vampiric Draining (dangerous; 7% risk of failure)
Confirm with . or Enter, or press ? or * to list all spells.
Aiming: Vampiric Draining (dangerous; 7% risk of failure)
Press: ? - help, Shift-Dir - straight line, f - gnoll
Aim: a gnoll, wielding a +0 club You draw life force from the gnoll!
You feel life coursing into your body.
* * * LOW HITPOINT WARNING * * *
The gnoll hits you with a +0 club.
* * * LOW HITPOINT WARNING * * *
Casting: Vampiric Draining (dangerous; 7% risk of failure)
Confirm with . or Enter, or press ? or * to list all spells.
The spell is quite dangerous to miscast (24% risk of failure)!
Continue anyway?
You dismiss your zombies and call upon the dead to rise afresh.
* * * LOW HITPOINT WARNING * * *
The gnoll completely misses you.
Unknown command.
Unknown command.
You feel yourself speed up. The gnoll hits you with a +0 club.
You die...

* ***,*,*,* *~*~*~~~~*
* *,,,#.#.# *~*~*~**~*
* #.**#.#.# *~*~*~~*~*
*##.###.#># *~*~**~*~*
#.....>...# *~~~**~*~*
#.........# ***~*∩~*~*
..........# ********
*.........##########.#
*...........ggrg@....#
**#.###..#############
###.###..# .........#*
###.###...#************
........#.....,,,,,,,,*
###.###...####*******,*
......#.### *,*
###.#.#.# *,*


You could see 3 gnolls and a quokka.

Vanquished Creatures
  3 adders
  3 worms (D:2)
  8 dart slugs
  7 orcs (D:3)
  5 ball pythons
  6 endoplasms
  2 giant cockroaches (D:2)
  6 goblins
  3 hobgoblins
  2 jackals (D:1)
  4 quokkas
  5 bats
  7 frilled lizards
  4 kobolds
  3 rats
68 creatures vanquished.

Vanquished Creatures (collateral kills)
  A goblin (D:1)
  A ball python (D:3)
  A frilled lizard (D:1)
  A rat (D:1)
4 creatures vanquished.

Vanquished Creatures (others)
  2 orc zombies (D:3)
  2 plants (D:1)
4 creatures vanquished.

Grand Total: 76 creatures vanquished

Notes
Turn   | Place    | Note
-------+----------+-------------------------------------------
     0 | D:1      | ZappyNine the Djinni Necromancer began the quest for the
                  | Orb.
     0 | D:1      | ZappyNine set off with the following spells memorised:
                  | Necrotise, Vampiric Draining, Animate Dead, Agony.
     0 | D:1      | Reached XP level 1. HP: 15/15 MP: 0/0
   146 | D:1      | Reached XP level 2. HP: 20/22 MP: 0/0
   290 | D:1      | Reached skill level 1 in Fighting
   541 | D:1      | Reached XP level 3. HP: 23/27 MP: 0/0
   541 | D:1      | Learned a level 1 spell: Kiss of Death
  1035 | D:2      | Reached XP level 4. HP: 19/33 MP: 0/0
  1404 | D:2      | Found a runed translucent door.
  1405 | D:2      | Noticed Crazy Yiuf
  1870 | D:3      | Reached skill level 4 in Spellcasting
  1962 | D:3      | Reached XP level 5. HP: 34/40 MP: 0/0
  1962 | D:3      | Learned a level 2 spell: Searing Ray
  2108 | D:3      | Slain by a gnoll

Illustrated notes

Levels and vault maps discovered:
D:1:      dpeg_arrival_radiant, layout_basic, serial_bayou, serial_bayou_pond_c,
          serial_bayou_shore_b, serial_bayou_ford_a, serial_bayou_pond_b
D:2:      layout_rooms, nicolae_concentric_dashed_squares_mild,
          minmay_pentomino_pile, uniq_crazy_yiuf_cottage
D:3:      kennysheep_slugbush, layout_loops_ring,
          chequers_temple_overflow_statue_of_worship, lightli_sewer_entry_pipes,
          corexii_corridor_pit

Skill      XL: |  1  2  3  4  5 |
---------------+----------------+-----
Fighting       | 1 2 3 |  3.1
Spellcasting   | 4 |  4.2
Dodging        | |  2.1
Stealth        | |  1.5

Action                     |  1- 3 |  4- 6 || total
---------------------------+-------+-------++-------
  Melee: Unarmed           |     1 |       ||     1
         Whip              |       |    52 ||    52
         Punch             |       |     1 ||     1
   Cast: Necrotise         |    47 |    23 ||    70
         Vampiric Draining |     7 |    27 ||    34
         Animate Dead      |       |     5 ||     5
    Use: Scroll            |       |     6 ||     6
         Potion            |       |     2 ||     2
 Armour: Robe              |     5 |    29 ||    34
  Dodge: Dodged            |     2 |    49 ||    51

Table legend: (Time is in decaauts)
 A = Elapsed time spent in this place.
 B = Non-inter-level travel time spent in this place.
 C = Inter-level travel time spent in this place.
 D = Time resting spent in this place.
 E = Time spent auto-exploring this place.
 F = Levels seen in this place.
 G = Mean time per level.
                   A        B        C        D        E       F      G
               +--------+--------+--------+--------+--------+-----+--------+
         Total |   2112 |   2051 |     61 |      0 |   1625 |   3 |  704.0 |
       Dungeon |   2112 |   2051 |     61 |      0 |   1625 |   3 |  704.0 |
               +--------+--------+--------+--------+--------+-----+--------+

Top non-repeatable levels by time:
     D:1: 948 daAuts
     D:2: 917 daAuts
     D:3: 247 daAuts
